 Dungeon Crawl Stone Soup version 0.28.0-45-g0d030f2227 (webtiles) character file.

Game seed: 12297174418283998094

21 Descartes the Grasshopper (level 2, 28/28 HPs)
             Began as a Troll Warper on Apr 5, 2022.
             Was a Follower of Fedhas.
             Got out of the dungeon alive.
             The game lasted 00:01:04 (424 turns).

Descartes the Grasshopper (Troll Warper)             Turns: 424, Time: 00:01:05

Health: 28/28      AC:  4    Str: 18    XL:     2   Next: 62%
Magic:  3/3        EV: 10    Int:  9    God:    Fedhas [*.....]
Gold:   28         SH:  0    Dex:  9    Spells: 3/3 levels left

rFire   . . .      SeeInvis .     - Unarmed
rCold   . . .      Faith    .   (no shield)
rNeg    . . .      Spirit   .   a - +0 robe
rPois   .          Reflect  .   (helmet restricted)
rElec   .          Harm     .   d - scarf {shadows}
rCorr   .          Rampage  .   (gloves unavailable)
Will    .....                   (boots unavailable)
Stlth   +.........              (no amulet)
HPRegen 0.89/turn               (no ring)
MPRegen 0.08/turn               (no ring)

@: no status effects
A: large, unfitting armour, claws 3, regeneration 1, shaggy fur 1, tough skin 1
a: Renounce Religion


You escaped.
You worshipped Fedhas.
Fedhas was aware of your devotion.
You visited 1 branch of the dungeon, and saw 1 of its levels.

You collected 28 gold pieces.

Inventory:

Missiles
 c - 5 boomerangs of dispersal (quivered)
Armour
 a - a +0 robe (worn)
 d - a scarf of shadows (worn)
Scrolls
 b - a scroll of blinking


   Skills:
 + Level 1.8 Fighting
 + Level 1.2 Throwing
 + Level 2.1 Dodging
 + Level 2.2 Unarmed Combat
 + Level 1.4 Spellcasting
 + Level 2.3 Translocations


You had 3 spell levels left.
You didn't know any spells.
Your spell library contained the following spells:

 Spells                   Type           Power      Damage    Failure   Level
 Blink                    Tloc           8%         N/A       22%         2
 Gell's Gravitas          Tloc           4%         N/A       38%         3
 Lesser Beckoning         Tloc           4%         N/A       38%         3
 Teleport Other           Tloc           4%         N/A       38%         3
 Manifold Assault         Tloc           4%         N/A       98%         5


Dungeon Overview and Level Annotations

Branches:
Dungeon (1/15)

Altars:
Fedhas


Innate Abilities, Weirdness & Mutations

You are too large for most types of armour.
You have claws for hands.
Your natural rate of healing is unusually fast.
You are covered in fur. (AC +1)
You have tough skin. (AC +1)


Message History

Fedhas appreciates your contribution to the ecosystem.
No target in view!
Found 9 stones.
You see here 9 stones.
Found 25 stones.
An endoplasm comes into view.
The endoplasm quivers.
You claw the endoplasm!
You kill the endoplasm!
Fedhas accepts your kill.
No target in view!
No target in view!
No target in view!
No target in view!
No target in view!
No target in view!
No target in view!
No target in view!
No target in view!
No target in view!
A dart slug comes into view.
The dart slug launches a dart at you. The slug dart hits you.
The dart slug briefly extends its eye-stalks.
You scratch the dart slug but do no damage.
You barely miss the dart slug. The dart slug bites you.
You barely miss the dart slug.
The dart slug bites you but does no damage.
You scratch the dart slug.
The dart slug is lightly wounded.
You claw the dart slug!
You kill the dart slug!
Fedhas appreciates your contribution to the ecosystem.
No target in view!
No target in view!
You see here a bat skeleton.
There is an open door here.
There is a staircase leading out of the dungeon here.
Are you sure you want to leave the Dungeon?
This will make you lose the game!
You have escaped!

##### ####8@8####
##.........##
#8.........8#
#...8...8...#
#8.........8#
##.........##
#.........#
#####'#############
#................#


There were no monsters in sight!

Vanquished Creatures
  A dart slug (D:1)
  2 endoplasms (D:1)
  2 giant cockroaches (D:1)
  A goblin (D:1)
  A hobgoblin (D:1)
  2 quokkas (D:1)
  3 bats (D:1)
  A frilled lizard (D:1)
  2 kobolds (D:1)
  2 rats (D:1)
17 creatures vanquished.

Notes
Turn   | Place    | Note
-------+----------+-------------------------------------------
     0 | D:1      | Descartes the Troll Warper began the quest for the Orb.
     0 | D:1      | Reached XP level 1. HP: 19/19 MP: 1/1
    24 | D:1      | Reached skill level 1 in Throwing
   150 | D:1      | Found a faded altar of an unknown god.
   155 | D:1      | Reached XP level 2. HP: 28/28 MP: 2/2
   162 | D:1      | Prayed at the altar of an unknown god.
   162 | D:1      | Became a worshipper of Fedhas Madash
   162 | D:1      | Reached * piety under Fedhas
   424 | D:$      | Got out of the dungeon alive.

Illustrated notes

Levels and vault maps discovered:
D:1:      mrwooster_arrival_statue_3, layout_basic,
          chequers_ecumenical_altar_simple

Skill      XL: |  1 |
---------------+----+-----
Throwing       | 1 |  1.2
Dodging        | 2 |  2.1
Fighting       | |  1.8
Unarmed Combat | |  2.2
Spellcasting   | |  1.4
Translocations | |  2.3

Action                   || total
-------------------------++-------
Melee: Unarmed           ||    60
Armor: Robe              ||    39
Dodge: Dodged            ||    45
